 Dungeon Crawl Stone Soup version 0.22-a0-601-gb0ed703ee0 (webtiles) character file.

1313 GordonOverkill the Cleaver (level 8, -3/63 HPs)
             Began as a Hill Orc Hunter on July 7, 2018.
             Was a Believer of Okawaru.
             Succumbed to an orc warrior's poison
             ... on level 6 of the Dungeon.
             The game lasted 00:15:49 (7199 turns).

GordonOverkill the Cleaver (Hill Orc Hunter)        Turns: 7199, Time: 00:15:50

Health: -3/63      AC: 11    Str: 17    XL:     8   Next: 58%
Magic:  8/8        EV:  7    Int: 11    God:    Okawaru [**....]
Gold:   262        SH:  0    Dex: 13    Spells: 7/7 levels left

rFire    . . .     SeeInvis .   z - +2 flail (venom)
rCold    . . .     Gourm    .   (no shield)
rNeg     + . .     Faith    .   s - +0 chain mail
rPois    .         Spirit   .   j - +0 helmet (curse)
rElec    .         Reflect  .   e - +0 cloak
rCorr    .         Harm     .   q - +0 pair of gloves
MR       .....                  (no boots)
Stlth    ..........             (no amulet)
HPRegen  0.20/turn              g - +2 ring of dexterity
MPRegen  0.11/turn              h - ring of positive energy

@: lethally poisoned (-3 -> -56), flying
A: no striking features
a: Heroism, Renounce Religion


You were on level 6 of the Dungeon.
You worshipped Okawaru.
Okawaru was pleased with you.
You were very hungry.

You visited 1 branch of the dungeon, and saw 6 of its levels.

You collected 262 gold pieces.

Inventory:

Hand Weapons
 r - a +0 war axe
 z - a +2 flail of venom (weapon)
Missiles
 i - a throwing net
 n - 9 javelins
 t - 5 steel tomahawks (quivered)
Armour
 e - a +0 cloak (worn)
 j - a cursed +0 helmet (worn)
 q - a +0 pair of gloves (worn)
 s - a +0 chain mail (worn)
Jewellery
 g - a +2 ring of dexterity (left hand)
 h - a ring of positive energy (right hand)
Wands
 a - a wand of iceblast (8)
Scrolls
 d - a scroll of magic mapping {unknown}
 o - 4 scrolls of identify
 u - 2 scrolls of enchant weapon {unknown}
 y - a scroll of teleportation {unknown}
Potions
 b - a potion of cancellation
 c - a potion of flight
 k - 2 potions of might
 m - 2 potions of brilliance {unknown}
 p - a potion of haste {unknown}
 v - a potion of curing {unknown}
 w - 2 potions of lignification {unknown}
 x - a potion of mutation {unknown}
Comestibles
 f - 4 rations


   Skills:
 - Level 3.0 Fighting
 + Level 12.1 Axes
 - Level 4.1 Throwing
 - Level 2.0 Dodging
 - Level 1.0 Stealth


You had 7 spell levels left.
You didn't know any spells.
Your spell library was empty.

Dungeon Overview and Level Annotations

Branches:
Dungeon (6/15)             Temple (0/1) D:4

Altars:
Dithmenos
Elyvilon
Okawaru
Sif Muna
Vehumet
The Shining One

Shops:
D:5 (


Message History

You feel sick.
The orc warrior hits you with a glaive of venom!
You are more poisoned.
You are too injured to fight recklessly!
You are too injured to fight recklessly!
You are too injured to fight recklessly!
Okay, then.
Okay, then.
You feel very sick.
The orc warrior hits you from afar with a glaive of venom!
* * * LOW HITPOINT WARNING * * *
You are more poisoned.
It was a potion of cancellation.
You feel magically purged.
* * * LOW HITPOINT WARNING * * *
You feel very sick. The orc warrior closely misses you.
It was a potion of flight.
You feel very buoyant.
You fly up into the air.
You die...

...........##
..........## .........##
........## ######.
........# .......
.......## .......
.......### ######o....#.
.........####..##........
...............#@........
..............).......#..
..########....)[..%...#
### ##..........## #
##...).......
..........#..#
......[######.. #########
#. #


You could see an orc warrior.

Vanquished Creatures
  Duvessa (D:5)
  An ice beast (D:5)
  A black bear (D:4)
  A sky beast (D:5)
  2 bullfrogs
  Dowan (D:5)
  2 scorpions (D:5)
  A crimson imp (D:5)
  4 hounds
  A bullfrog skeleton (D:2)
  An orc priest (D:4)
  3 orc wizards
  An iguana (D:6)
  Ijyb (D:3)
  A worker ant (D:5)
  The ghost of iamserjio the Skirmisher, a weakling DsBe of Trog (D:5)
  A hound skeleton (D:5)
  A worker ant zombie (D:5)
  11 adders
  A shadow imp (D:6)
  A white imp (D:5)
  2 oozes
  An adder skeleton (D:5)
  3 worms
  2 leopard geckos
  16 orcs
  7 bats
  4 giant cockroaches
  6 goblins
  6 hobgoblins
  9 jackals
  2 quokkas
  A ball python (D:5)
  5 frilled lizards
  A goblin zombie (D:5)
  3 hobgoblin zombies (D:5)
  9 kobolds
  2 kobold skeletons (D:5)
  2 kobold zombies (D:5)
  A leopard gecko skeleton (D:4)
  2 orc skeletons (D:5)
  An orc zombie (D:5)
  A quokka zombie (D:5)
  6 rats
130 creatures vanquished.

Notes
Turn   | Place    | Note
-------+----------+-------------------------------------------
     0 | D:1      | GordonOverkill the Hill Orc Hunter began the quest for the Orb.
     0 | D:1      | Reached XP level 1. HP: 18/18 MP: 1/1
   242 | D:1      | Reached skill level 1 in Stealth
   483 | D:1      | Reached XP level 2. HP: 25/25 MP: 2/2
   884 | D:1      | Reached skill level 1 in Axes
   884 | D:1      | Reached XP level 3. HP: 25/30 MP: 3/3
  1563 | D:2      | Reached skill level 2 in Axes
  1563 | D:2      | Reached XP level 4. HP: 26/38 MP: 4/4
  1985 | D:2      | Reached skill level 3 in Axes
  2164 | D:2      | Found a white marble altar of Elyvilon.
  2419 | D:3      | Found a shadowy altar of Dithmenos.
  2831 | D:3      | Reached skill level 4 in Axes
  2938 | D:2      | Reached XP level 5. HP: 40/45 MP: 5/5
  3030 | D:3      | Reached skill level 5 in Axes
  3254 | D:3      | Noticed Ijyb
  3288 | D:3      | Killed Ijyb
  3288 | D:3      | Reached skill level 6 in Axes
  3288 | D:3      | Reached XP level 6. HP: 50/51 MP: 6/6
  3334 | D:2      | Found an iron altar of Okawaru.
  3334 | D:2      | Found a glowing golden altar of the Shining One.
  3359 | D:2      | Became a worshipper of Warmaster Okawaru
  4197 | D:4      | Reached skill level 7 in Axes
  4224 | D:4      | Noticed a black bear
  4409 | D:4      | Found a deep blue altar of Sif Muna.
  4437 | D:4      | Killed a black bear
  4437 | D:4      | Reached skill level 8 in Axes
  4437 | D:4      | Reached XP level 7. HP: 54/57 MP: 7/7
  4646 | D:4      | Reached * piety under Okawaru
  4848 | D:4      | Reached skill level 9 in Axes
  5107 | D:4      | Found a staircase to the Ecumenical Temple.
  5204 | D:5      | Entered Level 5 of the Dungeon
  5476 | D:5      | Reached skill level 10 in Axes
  5541 | D:5      | Noticed Duvessa
  5542 | D:5      | Noticed Dowan
  5561 | D:5      | Killed Duvessa
  5561 | D:5      | Reached ** piety under Okawaru
  5561 | D:5      | Reached XP level 8. HP: 51/63 MP: 8/8
  5573 | D:5      | Killed Dowan
  5580 | D:5      | Reached skill level 11 in Axes
  5795 | D:5      | Found Jaqetoc's Weapon Shoppe.
  5893 | D:5      | Found a glowing golden altar of the Shining One.
  5955 | D:5      | Found a runed door.
  5956 | D:5      | Noticed iamserjio's ghost (weakling DsBe)
  6248 | D:5      | Found a radiant altar of Vehumet.
  6529 | D:5      | Killed iamserjio's ghost
  6777 | D:6      | Reached skill level 12 in Axes
  7198 | D:6      | HP: 2/63 [poisoned by an orc warrior]
  7199 | D:6      | Succumbed to an orc warrior's poison

Vault maps used:
D:1:      lightli_arrival_statue_moat, minmay_split_cup_large
D:2:      nicolae_overflow_hidden_temple, first_ration
D:3:      nicolae_dithmenos_shadow_blocks, uniq_ijyb
D:4:      marbit_many_paths, minmay_temple_entry_poolview,
          kennysheep_big_empty_room
D:5:      old_standard_altar, serial_shops, shop, ebering_ghost_reflecting_pool,
          nrook_uturn, minmay_misc_feat_encased, nicolae_tso_besieged_by_evil,
          uniq_duvessa
D:6:      kennysheep_windowed_goal

Skill      XL: |  1  2  3  4  5  6  7  8 |
---------------+-------------------------+-----
Stealth        | 1 |  1.0
Axes           | 1 2 4 6 8 10 12 | 12.1
Dodging        | 2 |  2.0
Fighting       | 3 |  3.0
Throwing       | 4 |  4.1

Action                   |  1- 3 |  4- 6 |  7- 9 || total
-------------------------+-------+-------+-------++-------
Melee: Short sword       |    19 |       |       ||    19
       Hand axe          |    67 |   213 |    31 ||   311
       Trident           |       |       |   258 ||   258
       Flail             |       |       |    11 ||    11
Throw: Javelin           |    22 |    27 |       ||    49
       Tomahawk          |       |     4 |    11 ||    15
       Throwing net      |       |     2 |       ||     2
Invok: Heroism           |       |       |     1 ||     1
  Use: Scroll            |       |     7 |       ||     7
       Potion            |       |       |     5 ||     5
 Stab: Invisible         |       |       |     1 ||     1
  Eat: Chunk             |     2 |     9 |     5 ||    16
       Ration            |       |       |     1 ||     1
Armor: Leather armour    |    11 |       |       ||    11
       Ring mail         |    38 |    45 |       ||    83
       Chain mail        |       |    74 |   161 ||   235
Dodge: Dodged            |    80 |   108 |    83 ||   271

Table legend:
 A = Spawn XP
 B = Non-spawn XP
 C = Spawn XP percentage of total XP
 D = Spawn monster count
 E = Non-spawn monster count
 F = Spawn count percentage of total count
 G = Total turns spent on level
                    A         B        C        D         E        F      G
               +---------+---------+-------+---------+---------+-------+---------
         Total |       0 |    1877 |   0.0 |       0 |     130 |   0.0 |  7199
               +---------+---------+-------+---------+---------+-------+---------
           D:1 |       0 |      36 |   0.0 |       0 |      22 |   0.0 |  1301
           D:2 |       0 |      97 |   0.0 |       0 |      18 |   0.0 |  1065
           D:3 |       0 |     309 |   0.0 |       0 |      27 |   0.0 |  2006
           D:4 |       0 |     401 |   0.0 |       0 |      22 |   0.0 |   832
           D:5 |       0 |     833 |   0.0 |       0 |      33 |   0.0 |  1363
           D:6 |       0 |     201 |   0.0 |       0 |       8 |   0.0 |   632
               +---------+---------+-------+---------+---------+-------+---------
